 Dungeon Crawl Stone Soup version 0.29.1-1-gd02db6906a (webtiles) character file.

Game seed: 6980706900077746391

347 wingedge the Trooper (level 6, -8/49 HPs)
             Began as a Mummy Monk on Sept 23, 2022.
             Killed by divine providence
             ... invoked by an orc priest
              (14 damage)
             ... on level 5 of the Dungeon.
             The game lasted 00:21:38 (3897 turns).

wingedge the Trooper (Mummy Monk)                   Turns: 3897, Time: 00:21:38

Health: -8/49      AC:  8    Str: 11    XL:     6   Next: 32%
Magic:  7/7        EV: 27    Int: 12    God:
Gold:   104        SH:  0    Dex: 14    Spells: 6/7 levels left

rFire   x . .      SeeInvis .   a - +0 short sword
rCold   + . .      Faith    .   c - orb {light}
rNeg    + + +      Spirit   .   m - +2 leather armour "Fear" {rPois rCorr Str-3}
rPois   ∞          Reflect  .   (no helmet)
rElec   .          Harm     .   (no cloak)
rCorr   +          Rampage  .   i - +2 pair of gloves
Will    .....                   (no boots)
Stlth   +.........              e - amulet of the acrobat
HPRegen 0.16/turn               (no ring)
MPRegen 0.10/turn               (no ring)

@: acrobatic, glowing
A: cold resistance 1, negative energy resistance 3, torment resistance 2, heat
vulnerability 1, in touch with death 1, no potions
a: no special abilities


You were on level 5 of the Dungeon.
You visited 1 branch of the dungeon, and saw 6 of its levels.

You collected 104 gold pieces.

Inventory:

Hand Weapons
 a - a +0 short sword (weapon)
 b - a +0 dagger
 n - a +1 antimagic dagger
 s - a +0 sling
Missiles
 d - 2 datura-tipped darts (quivered)
Armour
 c - an orb of light (worn)
 g - a +0 robe
 i - a +2 pair of gloves (worn)
 m - the +2 leather armour "Fear" (worn) {rPois rCorr Str-3}
   (You found it on level 2 of the Dungeon)

   Str:       It affects your strength (-3).
   rPois:     It protects you from poison.
   rCorr:     It protects you from acid and corrosion.
Jewellery
 e - an amulet of the acrobat (around neck)
Scrolls
 f - a scroll of identify
 h - a scroll of enchant armour
 l - a scroll of fear {unknown}
 o - a scroll of immolation {unknown}
 p - a scroll of brand weapon {unknown}


   Skills:
 + Level 4.6 Fighting
 - Level 4.0 Short Blades
 - Level 3.0 Dodging
 - Level 2.0 Stealth
 - Level 1.0 Spellcasting
 - Level 2.0 Summonings


You had 6 spell levels left.
You knew the following spells:

 Your Spells              Type           Power      Damage    Failure   Level
a - Summon Small Mammal   Summ           20%        N/A       17%         1

Your spell library contained the following spells:

 Spells                   Type           Power      Damage    Failure   Level
 Call Canine Familiar     Summ           5%         N/A       45%         3
 Summon Guardian Golem    Hex/Summ       3%         N/A       61%         3


Dungeon Overview and Level Annotations

Branches:
Dungeon (6/15)
 Temple: D:4-7

Altars:

Annotations:
D:3 3 runed translucent doors, ZoeForever1's ghost, amateur HuCA


Innate Abilities, Weirdness & Mutations

You are immune to poison.
Your flesh is cold resistant. (rC+)
You are immune to negative energy. (rN+++)
You are immune to unholy pain and torment.
You are vulnerable to heat. (rF-)
You are in touch with the powers of death.
You do not drink.


Message History

The orc completely misses you. The orc attacks as you move away!
The orc closely misses you.
There's nothing to close nearby.
Unknown command.
The gnoll bouda gazes fiercely through you!
You feel as though you will be weak longer.
The orc throws a stone.
The stone completely misses you.
The gnoll bouda attacks as you move away!
The gnoll bouda misses you. The orc attacks as you move away!
The orc misses you. The orc attacks as you move away!
The orc completely misses you. The orc attacks as you move away!
The orc closely misses you.
The gnoll bouda attacks as you move away!
The gnoll bouda completely misses you.
The gnoll bouda attacks as you move away!
The gnoll bouda misses you.
The gnoll bouda gazes fiercely through you!
You feel as though you will be weak longer.
The gnoll bouda attacks as you move away!
The gnoll bouda completely misses you.
There is an open door here.
The gnoll bouda attacks as you move away!
The gnoll bouda completely misses you.
The gnoll bouda gazes fiercely through you!
You feel as though you will be weak longer.
The gnoll bouda attacks as you move away!
The gnoll bouda hits you with a +0 club.
* * * LOW HITPOINT WARNING * * *
Your attacks no longer feel as feeble.
The gnoll bouda gazes fiercely through you!
You feel your attacks grow feeble.
The orc priest casts a cantrip, but nothing happens.
There is an open door here.
Your attacks no longer feel as feeble.
The orc throws a stone.
The stone completely misses you.
The orc throws a stone.
The stone misses you. The adder completely misses you. x2
The orc priest mumbles some strange prayers to Beogh against you.
Beogh smites you!
You die...

..O.......#
..#......##########
#.#+#####..#......##
#.#........#.......#
#.#..?.....'.......#
#.#........#.......#
.S#...##..###...##########
..######..###...####.....#
#....#....@........#
#....#.....S.......#
#....'........go...#
##...#..#.#####....#
########s##.##.o..#
#......#....#
#......#o...#
#......#ho..#
###'####.o..#


You could see a gnoll bouda, a scorpion, an orc priest, an adder and an orc.

Vanquished Creatures
  A kobold brigand (D:6)
  A necrophage (D:6)
  A hound (D:6)
  An orc wizard (D:6)
  6 adders
  A gnoll (D:2)
  A dart slug (D:3)
  An orc (D:4)
  6 endoplasms
  A giant cockroach (D:2)
  5 goblins
  5 hobgoblins
  2 jackals (D:1)
  2 quokkas
  4 ball pythons
  5 bats
  2 frilled lizards
  5 kobolds
  3 rats
53 creatures vanquished.

Vanquished Creatures (collateral kills)
  4 gnolls
  A worm (D:2)
  A jackal (D:1)
  A kobold (D:1)
  A rat (D:1)
8 creatures vanquished.

Vanquished Creatures (others)
  2 gnolls
  A quokka (D:1)
  A kobold (D:6)
4 creatures vanquished.

Grand Total: 65 creatures vanquished

Notes
Turn   | Place    | Note
-------+----------+-------------------------------------------
     0 | D:1      | wingedge the Mummy Monk began the quest for the Orb.
     0 | D:1      | Reached XP level 1. HP: 18/18 MP: 1/1
   511 | D:1      | Reached XP level 2. HP: 24/24 MP: 2/2
  1359 | D:1      | Found a faded altar of an unknown god.
  1399 | D:1      | Gained mutation: You are in touch with the powers of death.
                  | [Mummy growth]
  1399 | D:1      | Reached XP level 3. HP: 29/29 MP: 3/3
  1747 | D:2      | Reached XP level 4. HP: 27/37 MP: 4/4
  2271 | D:2      | Identified the +2 leather armour "Fear" {rPois rCorr Str-3}
  2537 | D:3      | Found a runed translucent gate.
  2537 | D:3      | Found a runed translucent gate.
  2537 | D:3      | Found a runed translucent gate.
  2538 | D:3      | Noticed a kobold brigand
  2538 | D:3      | Noticed ZoeForever1's ghost (amateur HuCA)
  2648 | D:3      | Learned a level 1 spell: Summon Small Mammal
  2752 | D:3      | You fall into a shaft and drop 3 floors!
  2776 | D:6      | Reached XP level 5. HP: 42/42 MP: 5/5
  2794 | D:6      | Reached skill level 1 in Spellcasting
  2794 | D:6      | Reached skill level 1 in Summonings
  2846 | D:5      | Entered Level 5 of the Dungeon
  2998 | D:6      | Reached XP level 6. HP: 14/49 MP: 7/7
  3326 | D:6      | Noticed a shadow
  3856 | D:5      | HP: 1/49 [gnoll bouda/+0 club (5)]
  3897 | D:5      | Killed from afar by an orc priest

Illustrated notes

Levels and vault maps discovered:
D:1:      lemuel_arrival_rhombus, layout_loops_cross,
          chequers_ecumenical_altar_twisty
D:2:      kennysheep_six_static_rooms, layout_rooms
D:3:      layout_basic, gammafunk_ghost_nasty_kobolds, kennysheep_cross_room,
          uniq_terence
D:4:      layout_basic, minmay_ruined_shrine, uniq_sigmund
D:5:      minmay_recursive_quarters, layout_gridville
D:6:      lemuel_ice_spiral_2, layout_basic, nicolae_ashenzari_skybound,
          minmay_temple_entry_junction

Skill      XL: |  1  2  3  4  5 |
---------------+----------------+-----
Stealth        | 2 |  2.0
Short Blades   | 3 4 |  4.0
Dodging        | 3 |  3.0
Fighting       | 4 |  4.6
Spellcasting   | 1 |  1.0
Summonings     | 2 |  2.0

Action                   |  1- 3 |  4- 6 || total
-------------------------+-------+-------++-------
Melee: Short sword       |   169 |   218 ||   387
       Punch             |     1 |       ||     1
       Dagger            |       |    10 ||    10
Throw: Dart              |     3 |     3 ||     6
  Use: Scroll            |     1 |     5 ||     6
 Stab: Sleeping          |     4 |     2 ||     6
Armor: Robe              |     4 |       ||     4
       Leather armour    |    47 |    88 ||   135
Dodge: Dodged            |   115 |   254 ||   369
